 Dungeon Crawl Stone Soup version 0.18-a0-1164-g7046a04 (webtiles) character file.

4223 4thArraOfDagon the Basher (level 10, -2/86 HPs)
             Began as a Centaur Air Elementalist on Jan 25, 2016.
             Was a Priest of Okawaru.
             Slain by a killer bee (6 damage)
             ... on level 12 of the Dungeon.
             The game lasted 00:33:06 (4903 turns).

4thArraOfDagon the Basher (CeAE)                    Turns: 4903, Time: 00:33:06

Health: -2/86      AC:  4    Str: 13    XL:     10   Next: 9%
Magic:  13/13      EV: 12    Int: 15    God:    Okawaru [***...]
Gold:   250        SH:  0    Dex: 10    Spells: 4 memorised, 5 levels left

rFire  . . .     SeeInvis .     C - +3 morningstar
rCold  . . .     Gourm    .     a - +0 robe
rNeg   . . .     Faith    .     (no shield)
rPois  +         Spirit   .     (no helmet)
rElec  .         Dismiss  .     (no cloak)
rCorr  .         Reflect  .     (no gloves)
SustAt .         Harm     .     (no barding)
MR     .....                    v - amulet of regeneration
Stlth  +.........               (no ring)
                                I - ring of poison resistance

@: confused, lethally poisoned (-2 -> -6), heroism, aura of abjuration, very
slightly contaminated, hasted, repel missiles, very quick, not resistant to
hostile enchantments, very unstealthy
A: hooves 3, deformed body, speed 2, tough skin 3
a: Heroism, Renounce Religion


You were on level 12 of the Dungeon.
You worshipped Okawaru.
Okawaru was most pleased with you.
You were not hungry.

You visited 1 branch of the dungeon, and saw 13 of its levels.

You collected 250 gold pieces.

Inventory:

Hand Weapons
 z - a +0 halberd
 B - a +0 long sword
 C - a +3 morningstar (weapon)
 F - a +1 dire flail
 M - a +0 blowgun
Missiles
 p - 3 needles of frenzy
 N - 16 poisoned needles
Armour
 a - a +0 robe (worn)
 u - the +1 plate armour of Ubiang {rElec MP+9 SInv}
   (You found it on level 6 of the Dungeon)

   It insulates you from electricity.
   It affects your magic capacity (+9).
   It lets you see invisible.
Jewellery
 q - a cursed amulet of inaccuracy {unknown}
 v - an amulet of regeneration (around neck)
 y - an uncursed ring of fire
 I - a ring of poison resistance (left hand)
 S - an uncursed ring of ice
 T - a cursed amulet of dismissal {unknown}
Wands
 D - a wand of flame (13/48)
Scrolls
 g - 2 scrolls of amnesia
 h - 3 scrolls of magic mapping {unknown}
 j - a scroll of fog {unknown}
 l - a scroll of fear {unknown}
 n - a scroll of noise {unknown}
 o - 5 scrolls of remove curse {unknown}
 s - a scroll of random uselessness {unknown}
 L - a scroll of immolation {unknown}
 O - a scroll of holy word {unknown}
 P - a scroll of enchant armour {unknown}
Potions
 d - a potion of magic {unknown}
 e - a potion of ambrosia
 m - a potion of flight
 x - a potion of agility {unknown}
 A - a potion of cure mutation {unknown}
 E - a potion of might
 R - a potion of resistance {unknown}
Books
 b - a book of Air

   Spells                             Type                      Level
   a - Shock                          Conjuration/Air              1
   b - Swiftness                      Charms/Air                   2
   c - Repel Missiles                 Charms/Air                   2
   d - Static Discharge               Conjuration/Air              3
   e - Lightning Bolt                 Conjuration/Air              5
 k - a book of Burglary

   Spells                             Type                      Level
   a - Swiftness                      Charms/Air                   2
   b - Passwall                       Transmutation/Earth          3
   c - Passage of Golubria            Translocation                4
   d - Lee's Rapid Deconstruction     Earth                        5
   e - Darkness                       Hexes                        6
   f - Invisibility                   Hexes                        6
 J - a book of Annihilations

   Spells                             Type                      Level
   a - Poison Arrow                   Conjuration/Poison           6
   b - Chain Lightning                Conjuration/Air              8
   c - Lehudib's Crystal Spear        Conjuration/Earth            8
   d - Glaciate                       Conjuration/Ice              9
   e - Fire Storm                     Conjuration/Fire             9
Miscellaneous
 t - a plain deck of summoning {drawn: 9}
Comestibles
 c - 9 bread rations
 i - 5 fruits
 w - 3 meat rations
 K - 2 beef jerkies
 Q - a slice of pizza


   Skills:
 - Level 7.0(12.0) Fighting
 * Level 9.6(14.6) Maces & Flails
 + Level 2.4(7.4) Armour
 + Level 2.5(7.5) Dodging
 - Level 1.2(6.2) Stealth
 - Level 2.2 Spellcasting
 - Level 2.7 Conjurations
 - Level 3.7 Air Magic
 - Level 3.2 Invocations


You had 5 spell levels left.
You knew the following spells:

 Your Spells              Type           Power        Failure   Level  Hunger
a - Shock                 Conj/Air       ##..         8%          1    #......
b - Repel Missiles        Chrm/Air       #.....       17%         2    ###....
c - Swiftness             Chrm/Air       #.......     17%         2    ###....
d - Static Discharge      Conj/Air       ##......     21%         3    ###....


Dungeon Overview and Level Annotations

Branches:
Dungeon (13/15)
 Temple: D:4-7         Lair: D:8-11         Orc: D:9-12      Vaults: D:13-14

Altars:
Cheibriados
Nemelex Xobeh
Okawaru
Pakellas
Qazlal
Sif Muna
Trog
Xom
Zin
The Shining One

Shops:
D:9 }   D:10 %}((

Annotations:
D:13 Frances


Innate Abilities, Weirdness & Mutations

You have hooves in place of feet.
Armour fits poorly on your strangely shaped body.
You cover ground very quickly.
You have extremely tough skin (AC +3).


Message History

Orders for allies: a - Attack new target. r - Retreat! s - Stop attacking. w - Wait here. f - Follow me.
Anything else - Stay silent.
Gang up on whom?
Press: ? - help, Dir - move target cursor, f - killer bee
Aim: a killer bee Attack!
You feel sick.
You hear two shouts!
You hear a shout!
The killer bee stings you.
* * * LOW HITPOINT WARNING * * *
The killer bee stings you.
* * * LOW HITPOINT WARNING * * *
Unknown command.
Unknown command.
* * * LOW HITPOINT WARNING * * *
You feel sick.
Your water elemental completely misses the killer bee.
The killer bee stings you.
You die...

#.....#
#.....#
#.....#
#.....+
#...?.#
#.....#
##F####
###y#
#≈@E#
#+###


You could see a giant frog, a killer bee and a friendly water elemental.

Vanquished Creatures
  A centaur zombie (D:12)
  A spriggan (D:7)
  10 yaks
  A hippogriff (D:6)
  An orc warrior (D:9)
  A wasp (D:9)
  2 centaurs
  2 ogres
  2 big kobolds
  2 giant frogs
  5 killer bees
  An electric eel (D:10)
  9 wights
  3 crimson imps
  5 hounds
  3 orc priests
  2 centaur skeletons
  A jelly (D:11)
  2 orc wizards
  An iguana (D:9)
  8 worker ants
  A hound zombie (D:6)
  4 adders
  3 gnolls (D:10)
  A shadow imp (D:11)
  An adder skeleton (D:6)
  A giant gecko (D:9)
  11 orcs
  A ball python (D:8)
  2 giant cockroaches
  A hobgoblin (D:1)
  3 jackals (D:6)
  2 quokkas
  5 giant newts
  A goblin (D:2)
  7 kobolds
  2 rats (D:1)
109 creatures vanquished.

Vanquished Creatures (collateral kills)
  A yak (D:9)
  2 killer bees (D:9)
3 creatures vanquished.

Vanquished Creatures (others)
  An orc (D:10)
1 creature vanquished.

Grand Total: 113 creatures vanquished

Notes
Turn   | Place    | Note
--------------------------------------------------------------
     0 | D:1      | 4thArraOfDagon the Centaur Air Elementalist began the quest for the Orb.
     0 | D:1      | Reached XP level 1. HP: 14/14 MP: 3/3
    79 | D:2      | Reached skill level 1 in Conjurations
   247 | D:1      | Reached XP level 2. HP: 4/20 MP: 0/4
   256 | D:1      | Learned a level 2 spell: Repel Missiles
   475 | D:4      | Reached skill level 3 in Air Magic
   475 | D:4      | Reached XP level 3. HP: 22/26 MP: 0/5
   503 | D:4      | 4thArraOfDagon: whats going on
   517 | D:4      | Learned a level 2 spell: Swiftness
   539 | D:4      | Noticed an ogre
   630 | D:4      | Killed an ogre
   630 | D:4      | Reached XP level 4. HP: 33/33 MP: 2/7
   696 | D:4      | Found a bloodstained altar of Trog.
   787 | D:5      | Entered Level 5 of the Dungeon
   828 | D:5      | Found a stormy altar of Qazlal.
   894 | D:5      | Noticed an ice beast
  1158 | D:6      | Noticed an ice beast
  1201 | D:6      | Got a faintly humming plate armour
  1274 | D:7      | Noticed a hippogriff
  1370 | D:6      | Killed a hippogriff
  1370 | D:6      | Reached skill level 1 in Armour
  1370 | D:6      | Reached XP level 5. HP: 20/42 MP: 0/8
  1370 | D:6      | Reached XP level 6. HP: 22/50 MP: 0/9
  1391 | D:6      | Identified the +1 plate armour of Ubiang {rElec MP+9 SInv} (You found it on level 6 of the Dungeon)
  1887 | D:6      | Reached skill level 4 in Fighting
  1951 | D:6      | Found an oddly glowing altar of Pakellas.
  1973 | D:6      | Learned a level 3 spell: Static Discharge
  2117 | D:6      | Found an iron altar of Okawaru.
  2122 | D:6      | Became a worshipper of Warmaster Okawaru
  2287 | D:7      | Reached skill level 5 in Fighting
  2287 | D:7      | Reached XP level 7. HP: 54/61 MP: 1/10
  2304 | D:7      | Noticed a spriggan baker
  2320 | D:7      | Found a glowing silver altar of Zin.
  2381 | D:7      | Killed a spriggan baker
  2381 | D:7      | Reached skill level 1 in Invocations
  2413 | D:8      | Reached * piety under Okawaru
  2631 | D:7      | Reached skill level 6 in Fighting
  2848 | D:8      | Noticed a deep elf mage
  2955 | D:8      | Reached XP level 8. HP: 43/71 MP: 11/11
  3044 | D:9      | Found Awnocepai's Gadget Shop.
  3080 | D:9      | Reached skill level 7 in Fighting
  3152 | D:9      | Reached skill level 1 in Maces & Flails
  3287 | D:10     | Entered Level 10 of the Dungeon
  3330 | D:9      | Noticed a troll
  3351 | D:9      | Reached ** piety under Okawaru
  3409 | D:9      | Found a sparkling altar of Nemelex Xobeh.
  3525 | D:9      | Found a deep blue altar of Sif Muna.
  3566 | D:9      | Reached skill level 5 in Maces & Flails
  3580 | D:9      | Reached XP level 9. HP: 67/79 MP: 10/12
  3655 | D:9      | Found a shimmering altar of Xom.
  3661 | D:9      | Found a glowing golden altar of the Shining One.
  3663 | D:9      | Found a snail-covered altar of Cheibriados.
  3867 | D:10     | Found Jyuhyxaff's Gadget Shop.
  3885 | D:10     | Reached *** piety under Okawaru
  4005 | D:10     | Reached skill level 8 in Maces & Flails
  4013 | D:10     | Found Nyvam's Weapon Shop.
  4058 | D:10     | Found Elobeb's Weapon Emporium.
  4301 | D:10     | Found Xics's Food Shop.
  4461 | D:12     | Noticed a brown ugly thing
  4550 | D:13     | Noticed Frances
  4691 | D:12     | Reached skill level 9 in Maces & Flails
  4773 | D:12     | Reached XP level 10. HP: 39/86 MP: 7/13
  4847 | D:12     | Noticed a cyan ugly thing
  4871 | D:13     | Noticed a brown ugly thing
  4899 | D:12     | HP: 3/86 [killer bee (9)]
  4902 | D:12     | HP: 1/86 [killer bee (4)]
  4903 | D:12     | Slain by a killer bee

Vault maps used:
D:1:      nicolae_arrival_somewhat_less_tricky_arrival, st_stairs_6
D:2:      kennysheep_six_static_rooms, nemelex_lonely_heart_becter
D:3:      first_bread
D:4:      overflow_temple_1_default, nicolae_overflow_crystal_walls, temple_hall
D:5:      lemuel_coloured_pillars_altar
D:6:      kennysheep_mini, kennysheep_little_box, st_stairs_14
D:7:      kennysheep_mini_moat, the_bakery, minmay_misc_feat_encased,
          kennysheep_dice
D:9:      nemelex_deck, nicolae_overflow_hidden_temple,
          overflow_temple_1_default, lemuel_round_altar,
          gammafunk_temple_overflow_pools, serial_shops, shop
D:10:     minmay_goldmine, david_lair_shrubbed, zombieorc1_lemuel, serial_shops,
          shop, shop, nicolae_shop_scaring_up_business, shop, shop
D:11:     uniq_urug
D:13:     hangedman_vaults_entry_quadrant_bands, serial_shops, shop_statue,
          lab_entry_generic, uniq_frances

Action                   |  1- 3 |  4- 6 |  7- 9 | 10-12 || total
-------------------------+-------+-------+-------+-------++-------
Melee: Unarmed           |    13 |    60 |       |       ||    73
       Morningstar       |       |       |   245 |    11 ||   256
       Dire flail        |       |       |    38 |       ||    38
 Cast: Shock             |    20 |    57 |    53 |       ||   130
       Repel Missiles    |     1 |       |     2 |       ||     3
Invok: Heroism           |       |       |    16 |     1 ||    17
Evoke: Wand              |       |       |     7 |       ||     7
       Deck              |       |       |     7 |     2 ||     9
  Use: Potion            |     2 |       |     6 |     2 ||    10
       Scroll            |       |     5 |     8 |       ||    13
 Stab: Sleeping          |       |       |     1 |       ||     1
       Distracted        |       |       |     1 |       ||     1
  Eat: Chunk             |       |     4 |    10 |     1 ||    15
